 Dungeon Crawl Stone Soup version 0.28.0-43-g3370ac3207 (webtiles) character file.

Game seed: 13145658509428096928

50 firemarshallily the Firebug (level 3, 0/28 HPs)
             Began as a Naga Fire Elementalist on Mar 30, 2022.
             Was an Initiate of Makhleb.
             Slain by a goblin
             ... wielding a +0 dagger of electrocution
              (17 damage)
             ... on level 3 of the Dungeon.
             The game lasted 00:18:30 (1580 turns).

firemarshallily the Firebug (NaFE)                  Turns: 1580, Time: 00:18:33

Health: 0/28       AC:  2    Str: 10    XL:     3   Next: 79%
Magic:  0/6        EV: 14    Int: 17    God:    Makhleb [......]
Gold:   67         SH:  0    Dex: 11    Spells: 3/6 levels left

rFire   . . .      SeeInvis +   g - staff of death
rCold   . . .      Faith    .   (no shield)
rNeg    + . .      Spirit   .   a - +0 robe
rPois   +          Reflect  .   (no helmet)
rElec   .          Harm     .   (no cloak)
rCorr   .          Rampage  .   (no gloves)
Will    .....                   (no barding)
Stlth   ++........              (no amulet)
HPRegen 0.09/turn               d - +4 ring of evasion
MPRegen 0.10/turn               (no ring)

@: very slow
A: AC +1, large, see invisible, deformed body, poison resistance, slowness 2,
spit poison 1, naga tail 1
a: Spit Poison, Renounce Religion


You were on level 3 of the Dungeon.
You worshipped Makhleb.
Makhleb was noncommittal.
You visited 1 branch of the dungeon, and saw 3 of its levels.

You collected 67 gold pieces.

Inventory:

Missiles
 e - 61 stones
Armour
 a - a +0 robe (worn)
Magical Staves
 g - a staff of death (weapon)
Jewellery
 d - a +4 ring of evasion (left hand)
Scrolls
 c - a scroll of fear {unknown}
 f - a scroll of identify {unknown}
Potions
 b - a potion of attraction {unknown}
 h - 2 potions of curing {unknown}
 i - 2 potions of haste {unknown}
 j - a potion of lignification {unknown}
 k - a potion of heal wounds {unknown}
 l - 2 potions of flight {unknown}


   Skills:
 + Level 0.2 Staves
 + Level 2.0 Dodging
 + Level 3.6 Stealth
 + Level 2.3 Spellcasting
 + Level 1.2 Conjurations
 + Level 3.6 Fire Magic


You had 3 spell levels left.
You knew the following spells:

 Your Spells              Type           Power      Damage    Failure   Level
a - Foxfire               Conj/Fire      40%        2x1d6     7%          1
b - Scorch                Fire           28%        2d6       6%          2

Your spell library contained the following spells:

 Spells                   Type           Power      Damage    Failure   Level
 Conjure Flame            Conj/Fire      10%        6-21      21%         3
 Inner Flame              Hex/Fire       8%         N/A       26%         3
 Flame Wave               Conj/Fire      10%        2d5       56%         4
 Conjure Ball Lightning   Conj/Air       2%         3x3d6     100%        6
 Discord                  Hex            0%         N/A       100%        8
 Disjunction              Tloc           0%         N/A       100%        8


Dungeon Overview and Level Annotations

Branches:
Dungeon (3/15)

Altars:
Makhleb

Annotations:
D:3 Sigmund


Innate Abilities, Weirdness & Mutations

Your serpentine skin is tough. (AC +1)
You have supernaturally acute eyesight. (SInv)
Armour fits poorly on your strangely shaped body.
Your system is resistant to poisons. (rPois)
You cover ground very slowly.
You can spit poison.
You have a snake-like lower body.


Message History

The goblin hits you with a +0 dagger of electrocution.
The foxfire hits Sigmund.
Sigmund is moderately wounded.
Sigmund completely misses you.
Casting: Foxfire (safe; 7% risk of failure)
Confirm with . or Enter, or press ? or * to list all spells.
Flames lash Sigmund.
Sigmund is severely wounded.
Sigmund's fire resistance burns away.
The goblin hits you with a +0 dagger of electrocution.
Casting: Scorch (safe; 6% risk of failure)
Confirm with . or Enter, or press ? or * to list all spells.
Flames lash the endoplasm.
You kill the endoplasm!
Makhleb accepts your kill. Sigmund barely misses you.
The goblin hits you with a +0 dagger of electrocution.
Casting: Scorch (safe; 6% risk of failure)
Confirm with . or Enter, or press ? or * to list all spells.
Okay, then.
Aiming: Spit Poison (2% risk of failure)
Press: ? - help, Shift-Dir - straight line, f - Sigmund
Aim: Sigmund, wielding a +0 scythe and wearing a +2 robe of cold resistance (severely wounded, slightly transparent, more vulnerable to fire, 54% to hit)
The splash of poison misses Sigmund.
The goblin hits you with a +0 dagger of electrocution.
Sigmund barely misses you.
Casting: Foxfire (safe; 7% risk of failure)
Press: ? - help, Q - select action, (/) - cycle Dir - look around, f - activate You conjure some foxfire!
The foxfire hits the iguana but does no damage.
The goblin misses you.
You closely miss the goblin. Sigmund misses you. The goblin misses you.
You barely miss the goblin.
You have got your breath back.
Sigmund is no longer more vulnerable to fire.
The iguana barely misses you.
The goblin hits you with a +0 dagger of electrocution.
You are electrocuted!
Ouch! That really hurt!
You die...

.. ..# .#
#.# . #.#
#. #.# #
#.##.#
##. #.#<#
#..###..#
#..g#v###
#@## #l#
.@. ##..#
...# #..#
#..# #..#


You could see Sigmund (invisible, ally target), an iguana and a goblin.

Vanquished Creatures
  A worm (D:2)
  A dart slug (D:2)
  6 endoplasms
  4 giant cockroaches (D:2)
  6 goblins
  4 hobgoblins
  2 jackals (D:2)
  A quokka (D:1)
  2 ball pythons
  4 bats (D:2)
  4 kobolds
  6 rats
41 creatures vanquished.

Vanquished Creatures (others)
  66 foxfires
  4 toadstools (D:1)
70 creatures vanquished.

Grand Total: 111 creatures vanquished

Notes
Turn   | Place    | Note
-------+----------+-------------------------------------------
     0 | D:1      | firemarshallily the Naga Fire Elementalist began the quest
                  | for the Orb.
     0 | D:1      | Reached XP level 1. HP: 15/15 MP: 3/3
   138 | D:1      | Reached XP level 2. HP: 22/22 MP: 3/5
   255 | D:1      | Learned a level 2 spell: Scorch
  1004 | D:2      | Reached XP level 3. HP: 28/28 MP: 2/6
  1141 | D:2      | Found a burning altar of Makhleb.
  1147 | D:2      | Became a worshipper of Makhleb the Destroyer
  1402 | D:2      | Found a faded altar of an unknown god.
  1571 | D:3      | Noticed Sigmund
  1580 | D:3      | Slain by a goblin

Illustrated notes

Levels and vault maps discovered:
D:1:      ldierk_water_garden, layout_basic
D:2:      layout_basic, basic_altar, hellmonk_ecumenical_altar_slurped_away
D:3:      layout_loops_ring, general_overflow_altar, uniq_sigmund, uniq_terence,
          uniq_jessica, uniq_grinder

Skill      XL: |  1  2 |
---------------+-------+-----
Dodging        | 2 |  2.0
Staves         | |  0.2
Stealth        | |  3.6
Spellcasting   | |  2.3
Conjurations   | |  1.2
Fire Magic     | |  3.6

Action                   || total
-------------------------++-------
Melee: Staff             ||    17
       Dagger            ||     1
Throw: Stone             ||     4
 Cast: Foxfire           ||    39
       Scorch            ||     4
 Abil: Spit Poison       ||    31
  Use: Scroll            ||     1
Armor: Robe              ||     7
Dodge: Dodged            ||    46
